 Dungeon Crawl Stone Soup version 0.29-a0-330-g52719c12eb (webtiles) character file.

Game seed: 4509036207976504172

258 Leszczynek the Skirmisher (level 6, -6/48 HPs)
             Began as a Human Gladiator on Apr 20, 2022.
             Mangled by a river rat (8 damage)
             ... in a sewer.
             The game lasted 00:09:12 (1449 turns).

Leszczynek the Skirmisher (Human Gladiator)         Turns: 1449, Time: 00:09:12

Health: -6/48      AC:  7    Str: 17    XL:     6   Next: 40%
Magic:  6/6        EV: 12    Int: 10    God:
Gold:   111        SH:  0    Dex: 12    Spells: 5/5 levels left

rFire   . . .      SeeInvis .   a - +1 quarterstaff (protect)
rCold   . . .      Faith    .   (shield currently unavailable)
rNeg    . . .      Spirit   .   b - +0 leather armour
rPois   .          Reflect  .   c - +1 helmet
rElec   .          Harm     .   (no cloak)
rCorr   .          Rampage  .   (no gloves)
Will    .....      Rage     1%  k - +1 pair of boots
Stlth   +.........              (no amulet)
HPRegen 0.16/turn               (no ring)
MPRegen 0.10/turn               (no ring)

@: flying
A: berserk 1, clumsy 1, strong 1
a: no special abilities


You were in a sewer.
You visited 1 branch of the dungeon, and saw 4 of its levels.
You also visited: Sewer.

You collected 111 gold pieces.

Inventory:

Hand Weapons
 a - a +1 quarterstaff of protection (weapon)
Missiles
 d - a throwing net (quivered)
 e - a javelin
Armour
 b - a +0 leather armour (worn)
 c - a +1 helmet (worn)
 k - a +1 pair of boots (worn)
Potions
 f - a potion of curing {@q1}
 h - a potion of mutation {!q}
 j - 5 potions of flight


   Skills:
 + Level 4.2 Fighting
 - Level 3.0 Staves
 - Level 3.0 Throwing
 + Level 4.0 Dodging
 * Level 1.6 Transmutations
 * Level 1.8 Poison Magic


You had 5 spell levels left.
You didn't know any spells.
Your spell library contained the following spells:

 Spells                   Type           Power      Damage    Failure   Level
 Sting                    Tmut/Pois      12%        1d3       22%         1
 Beastly Appendage        Tmut           6%         N/A       24%         1
 Wereblood                Tmut           3%         N/A       34%         2
 Poisonous Vapours        Pois/Air       2%         N/A       43%         2
 Spider Form              Tmut/Pois      3%         N/A       56%         3
 Olgreb's Toxic Radiance  Pois           3%         N/A       91%         4


Dungeon Overview and Level Annotations

Branches:
Dungeon (4/15)              Sewer (1/1)
 Temple: D:4-7

Altars:
Trog


Innate Abilities, Weirdness & Mutations

You tend to lose your temper in combat.
You are clumsy. (Dex -2)
Your muscles are strong. (Str +2)


Message History

It is a scroll of enchant weapon.
Your +0 quarterstaff glows red for a moment.
The river rat bites you.
* * * LOW HITPOINT WARNING * * *
The river rat misses you.
Unknown command.
As you read the scroll labelled BESIYC GEGESIM, it crumbles to dust.
It is a scroll of enchant armour.
Your +0 helmet glows green for a moment.
The river rat completely misses you. x2
As you read the scroll labelled INAHEC UDDIAGG, it crumbles to dust.
It is a scroll of identify.
g - a scroll of brand weapon The jackal splashes around in the water.
The river rat barely misses you. x2
As you read the scroll of brand weapon, it crumbles to dust.
Your +1 quarterstaff projects an invisible shield of force!
a - a +1 quarterstaff of protection (weapon)
The jackal bites you but does no damage.
The river rat bites you.
* * * LOW HITPOINT WARNING * * *
The river rat bites you but does no damage.
You sock the river rat!
Your weapon exudes an aura of protection.
The river rat is heavily wounded.
The jackal misses you. The jackal closely misses you.
The river rat closely misses you.
The river rat bites you but does no damage.
You closely miss the river rat.
The river rat is heavily wounded.
The jackal barely misses you. The river rat closely misses you.
The river rat bites you.
* * * LOW HITPOINT WARNING * * *
The jackal completely misses you.
Unknown command.
You barely miss the river rat.
The river rat is heavily wounded.
The jackal splashes around in the water.
The river rat bites you!
You die...

######.†..##
#≈≈≈#.....∩#
..≈..#
#≈≈≈#......#
.....
#≈≈≈#.....##
≈≈≈.#
#≈≈≈##....#
#≈≈.#
#≈≈≈###..##
#≈≈.#
#≈≈≈###..#
#≈≈≈#
#≈≈≈##...#
#h≈≈#
#≈≈≈###.@##
#≈≈≈# #≈≈≈#


#hrr# #≈≈≈# #≈≈≈# #.≈≈### #≈≈≈# #≈≈≈###≈≈≈#.###≈≈≈##≈≈ #≈≈≈≈≈≈≈≈≈≈≈≈≈≈≈≈≈≈≈≈≈≈
#≈≈≈≈≈≈≈≈≈≈≈≈≈≈≈≈≈≈≈≈≈≈# #≈≈≈≈≈.≈J≈.≈≈.≈≈≈.≈≈≈≈≈# #≈≈≈################≈≈≈# #.≈≈#
#.≈≈# You could see 2 river rats, an endoplasm and a jackal.

Vanquished Creatures
  A black bear (D:3)
  A hound (D:3)
  4 river rats
  6 adders
  An orc (D:4)
  7 ball pythons
  4 giant cockroaches
  3 hobgoblins
  5 jackals
  4 quokkas (Sewer)
  7 bats (Sewer)
  5 frilled lizards
  2 goblins (D:3)
  4 kobolds
  A rat (D:4)
55 creatures vanquished.

Notes
Turn   | Place    | Note
-------+----------+-------------------------------------------
     0 | D:1      | Leszczynek the Human Gladiator began the quest for the Orb.
     0 | D:1      | Reached XP level 1. HP: 16/16 MP: 1/1
    54 | D:2      | Found a bloodstained altar of Trog.
   101 | D:3      | Reached XP level 2. HP: 20/23 MP: 2/2
   135 | D:3      | Noticed a black bear
   145 | D:3      | Killed a black bear
   146 | D:3      | Reached skill level 3 in Fighting
   146 | D:3      | Reached XP level 3. HP: 17/29 MP: 3/3
   146 | D:3      | Reached XP level 4. HP: 21/36 MP: 4/4
   146 | D:3      | Reached XP level 5. HP: 24/41 MP: 5/5
   317 | D:4      | Reached skill level 3 in Throwing
   497 | D:4      | Found a glowing drain.
   538 | Sewer    | Entered a sewer
   543 | Sewer    | Reached skill level 1 in Poison Magic
   550 | Sewer    | Reached skill level 4 in Fighting
   641 | Sewer    | Reached skill level 1 in Transmutations
   710 | Sewer    | Reached XP level 6. HP: 38/48 MP: 6/6
   774 | Sewer    | Gained mutation: You tend to lose your temper in combat.
                  | [potion of mutation]
   774 | Sewer    | Gained mutation: Your muscles are strong. (Str +2) [potion
                  | of mutation]
   774 | Sewer    | Gained mutation: You are clumsy. (Dex -2) [potion of
                  | mutation]
   775 | Sewer    | HP: 7/48 [river rat (3)]
  1297 | Sewer    | Reached skill level 4 in Dodging
  1443 | Sewer    | HP: 9/48 [river rat (4)]
  1448 | Sewer    | HP: 2/48 [river rat (5)]
  1449 | Sewer    | Mangled by a river rat

Illustrated notes

Levels and vault maps discovered:
D:1:      tarquinn_simple_flora_water_b, layout_basic
D:2:      layout_loops_ring, basic_altar, uniq_sigmund
D:3:      layout_loops_ring
D:4:      kennysheep_big_flooded_room, layout_basic, portal_sewer_entry_a,
          uniq_crazy_yiuf_cottage
Sewer:    sewer_fruit_machine

Skill      XL: |  1  2  3  4  5  6 |
---------------+-------------------+-----
Fighting       | 3 4 |  4.2
Throwing       | 3 |  3.0
Poison Magic   | 1 |  1.8
Transmutations | 1 |  1.6
Dodging        | 4 |  4.0
Staves         | |  3.0

Action                   |  1- 3 |  4- 6 || total
-------------------------+-------+-------++-------
Melee: Quarterstaff      |    32 |   176 ||   208
Throw: Throwing net      |     2 |     4 ||     6
       Javelin           |       |     2 ||     2
  Use: Scroll            |       |     6 ||     6
       Potion            |       |     4 ||     4
 Stab: Held in net/web   |     2 |       ||     2
       Sleeping          |       |     1 ||     1
Armor: Leather armour    |     7 |    81 ||    88
Dodge: Dodged            |    17 |   184 ||   201

Table legend: (Time is in decaauts)
 A = Elapsed time spent in this place.
 B = Non-inter-level travel time spent in this place.
 C = Inter-level travel time spent in this place.
 D = Time resting spent in this place.
 E = Time spent auto-exploring this place.
 F = Levels seen in this place.
 G = Mean time per level.
                   A        B        C        D        E       F      G
               +--------+--------+--------+--------+--------+-----+--------+
         Total |   1637 |   1637 |      0 |      0 |      0 |   5 |  327.4 |
       Dungeon |    553 |    553 |      0 |      0 |      0 |   4 |  138.2 |
         Sewer |   1083 |   1083 |      0 |      0 |      0 |   1 | 1083.0 |
               +--------+--------+--------+--------+--------+-----+--------+

Top non-repeatable levels by time:
   Sewer: 1083 daAuts
     D:4: 207 daAuts
     D:3: 197 daAuts
     D:2: 127 daAuts
     D:1: 22 daAuts
